3R
MAINE SEA DOGS @ FRANKLIN FIRE
06/19/2042
 
TOP OF THE 1ST
Maine Sea Dogs batting - Pitching for Franklin Fire : RHP Will Bass
Pitching: RHP Will Bass
Batting: LHB Bill Fisher 0-0: Ball
1-0: Called Strike
1-1: Ball
2-1: Foul Ball, location: 2F
2-2: Foul Ball, location: 2F
2-2: Ball
3-2: Base on Balls
Batting: LHB Héctor Ancelno 0-0: Ball
1-0: Ball
2-0: Ball
3-0: Called Strike
3-1: DOUBLE (Line Drive, 8LXD, EV 105.0 MPH)
Bill Fisher to third
Batting: LHB Puck Broekhuizen 0-0: SINGLE (Line Drive, 34D, EV 94.4 MPH)
Bill Fisher scores
Héctor Ancelno to third
Runner from 3rd tries for Home, SAFE, no throw by RF
Batting: RHB Jesús Bonilla 0-0: Swinging Strike
0-1: Ball
1-1: Swinging Strike
1-2: Strikes out swinging
Batting: SHB José Santos 0-0: Foul Ball, location: 2F
0-1: Ball
1-1: Foul Ball, location: 2F
1-2: Foul Ball, location: 2F
1-2: Foul Ball, location: 2F
1-2: Ground out 6-3 (Groundball, 4MS, EV 93.1 MPH)
Puck Broekhuizen to second
Batting: RHB Rutger McGroarty 0-0: Swinging Strike
0-1: SINGLE (Line Drive, 8LS, EV 101.2 MPH)
Puck Broekhuizen to third
Runner from 3rd tries for Home, SAFE, throw by CF to home
Rutger McGroarty to second
Batting: RHB Javier Carrodeguas 0-0: Ball
1-0: SINGLE (Flyball, 89M, EV 100.6 MPH)
Rutger McGroarty to third
Runner from 3rd tries for Home, SAFE, throw by RF to home
Batting: RHB Reynaldo García 0-0: Called Strike
0-1: Ball
1-1: Ground out 5-3 (Groundball, 5S, EV 76.2 MPH)
Top of the 1st over - 4 runs, 4 hits, 0 errors, 1 left on base; Maine 4 - Franklin 0
BOTTOM OF THE 1ST
Franklin Fire batting - Pitching for Maine Sea Dogs : LHP Christiansen Chemnitz
Pitching: LHP Christiansen Chemnitz
Batting: SHB Ji-hoon Ku 0-0: Ground out 4-3 (Groundball, 34, EV 89.4 MPH)
Batting: RHB Steve Roberts 0-0: Ball
1-0: SINGLE (Groundball, 34D, EV 104.4 MPH)
Batting: RHB Felino Edrada 0-0: DOUBLE (Line Drive, 9LM, EV 88.8 MPH)
Steve Roberts to third
Runner from 3rd tries for Home, SAFE, throw by RF to trailing runner, SAFE at third!
Batting: RHB Josh Doss 0-0: Called Strike
0-1: Ball
1-1: Swinging Strike
1-2: Foul Ball, location: 2F
1-2: Ball
2-2: Ground out 4-3 (Groundball, 4, EV 95.0 MPH)
Felino Edrada scores
Batting: RHB Rusty Brown 0-0: Ball
1-0: SINGLE (Groundball, 6MD, EV 106.9 MPH)
Batting: RHB Daniel Black 0-0: Hit by Pitch
Rusty Brown to second
Batting: RHB Wu-ji Shang 0-0: Ground out 3-1 (Groundball, 34, EV 84.4 MPH)
Bottom of the 1st over - 2 runs, 3 hits, 0 errors, 2 left on base; Maine 4 - Franklin 2
TOP OF THE 2ND
Maine Sea Dogs batting - Pitching for Franklin Fire : RHP Will Bass
Batting: RHB Ernest Bonner 0-0: Ball
1-0: Ball
2-0: Called Strike
2-1: DOUBLE (Flyball, 78D, EV 98.8 MPH)
Pitching: RHP Rafael Arroyo
Batting: LHB Bill Fisher 0-0: Ball
1-0: Ball
2-0: Called Strike
2-1: Foul Ball, location: 2F
2-2: Ball
3-2: Strikes out swinging
Batting: LHB Héctor Ancelno 0-0: Foul Ball, location: 2F
0-1: Ball
1-1: Swinging Strike
1-2: SINGLE (Flyball, 7LS, EV 92.5 MPH)
Ernest Bonner to third
Runner from 3rd tries for Home, SAFE, no throw by LF
Batting: LHB Puck Broekhuizen 0-0: Ball
1-0: Ball
2-0: Foul Ball, location: 2F
2-1: Called Strike
2-2: Ball
3-2: Strikes out looking
Batting: RHB Jesús Bonilla 0-0: Ball
1-0: Called Strike
1-1: Foul Ball, location: 2F
1-2: Foul Ball, location: 2F
1-2: Ball
2-2: Ball
3-2: Strikes out looking
Top of the 2nd over - 1 run, 2 hits, 0 errors, 1 left on base; Maine 5 - Franklin 2
BOTTOM OF THE 2ND
Franklin Fire batting - Pitching for Maine Sea Dogs : LHP Christiansen Chemnitz
Batting: LHB John Campbell 0-0: Called Strike
0-1: Ball
1-1: Swinging Strike
1-2: Foul Ball, location: 2F
1-2: Ball
2-2: Strikes out swinging
Batting: RHB Justin Cook 0-0: Called Strike
0-1: Ball
1-1: Foul Ball, location: 9LSF, Error on foul ball, E9
1-2: Foul Ball, location: 2F
1-2: Ball
2-2: Fly out, F8 (Flyball, 8LXD, EV 101.2 MPH)
Batting: SHB Ji-hoon Ku 0-0: Ball
1-0: Called Strike
1-1: Ball
2-1: Bunted foul
2-2: Ground out 1-3 (Groundball, 34S, EV 70.6 MPH)
Bottom of the 2nd over - 0 runs, 0 hits, 1 error, 0 left on base; Maine 5 - Franklin 2
TOP OF THE 3RD
Maine Sea Dogs batting - Pitching for Franklin Fire : RHP Rafael Arroyo
Batting: SHB José Santos 0-0: Swinging Strike
0-1: Fly out, F8 (Flyball, 89D, EV 109.4 MPH)
Batting: RHB Rutger McGroarty 0-0: Called Strike
0-1: Foul Ball, location: 2F
0-2: Ball
1-2: Foul Ball, location: 2F
1-2: Strikes out swinging
Batting: RHB Javier Carrodeguas 0-0: Ball
1-0: Ball
2-0: Called Strike
2-1: Swinging Strike
2-2: Strikes out swinging
Top of the 3rd over - 0 runs, 0 hits, 0 errors, 0 left on base; Maine 5 - Franklin 2
BOTTOM OF THE 3RD
Franklin Fire batting - Pitching for Maine Sea Dogs : LHP Christiansen Chemnitz
Batting: RHB Steve Roberts 0-0: Bunt for hit to 2R - play at first, batter OUT! 2-3
Batting: RHB Felino Edrada 0-0: Foul Ball, location: 2F
0-1: Fly out, F9 (Flyball, 89S, EV 93.8 MPH)
Batting: RHB Josh Doss 0-0: Called Strike
0-1: Ball
1-1: Ball
2-1: Foul Ball, location: 2F
2-2: Strikes out swinging
Bottom of the 3rd over - 0 runs, 0 hits, 0 errors, 0 left on base; Maine 5 - Franklin 2
TOP OF THE 4TH
Maine Sea Dogs batting - Pitching for Franklin Fire : RHP Rafael Arroyo
Batting: RHB Reynaldo García 0-0: Fly out, F9 (Line Drive, 9, EV 88.8 MPH)
Batting: RHB Ernest Bonner 0-0: Foul Ball, location: 2F
0-1: Foul Ball, location: 2F
0-2: Ball
1-2: Strikes out swinging
Batting: LHB Bill Fisher 0-0: Ball
1-0: Ball
2-0: Foul Ball, location: 2F
2-1: Foul Ball, location: 2F
2-2: Ball
3-2: SINGLE (Groundball, 4D, EV 98.1 MPH)
Batting: LHB Héctor Ancelno 0-0: Ball
Wild Pitch!
Bill Fisher to second
1-0: Called Strike
1-1: Ball
2-1: Swinging Strike
2-2: Fly out, F9 (Flyball, 9, EV 83.8 MPH)
Top of the 4th over - 0 runs, 1 hit, 0 errors, 1 left on base; Maine 5 - Franklin 2
BOTTOM OF THE 4TH
Franklin Fire batting - Pitching for Maine Sea Dogs : LHP Christiansen Chemnitz
Batting: RHB Rusty Brown 0-0: Ball
1-0: Called Strike
1-1: Called Strike
1-2: Foul Ball, location: 2F
1-2: Ball
2-2: Strikes out swinging
Batting: RHB Daniel Black 0-0: SINGLE (Flyball, 7LM, EV 101.9 MPH)
Batting: RHB Wu-ji Shang 0-0: Ball
1-0: Foul Ball, location: 2F
1-1: Foul Ball, location: 2F
1-2: Strikes out looking
Batting: LHB John Campbell 0-0: Foul Ball, location: 2F
0-1: Foul Ball, location: 2F
0-2: Fielders Choice at 2nd, 5-4 (Groundball, 56, EV 86.2 MPH)
Bottom of the 4th over - 0 runs, 1 hit, 0 errors, 1 left on base; Maine 5 - Franklin 2
TOP OF THE 5TH
Maine Sea Dogs batting - Pitching for Franklin Fire : RHP Rafael Arroyo
Batting: LHB Puck Broekhuizen 0-0: Foul Ball, location: 2F
0-1: Foul Ball, location: 2F
0-2: Foul Ball, location: 2F
0-2: Foul Ball, location: 2F
0-2: Fly out, F9 (Flyball, 89M, EV 86.2 MPH)
Batting: RHB Jesús Bonilla 0-0: Ball
1-0: Ball
2-0: Called Strike
2-1: Foul Ball, location: 2F
2-2: Ball
3-2: Foul Ball, location: 2F
3-2: Strikes out swinging
Batting: SHB José Santos 0-0: Called Strike
0-1: Foul Ball, location: 2F
0-2: Ball
1-2: Strikes out swinging
Top of the 5th over - 0 runs, 0 hits, 0 errors, 0 left on base; Maine 5 - Franklin 2
BOTTOM OF THE 5TH
Franklin Fire batting - Pitching for Maine Sea Dogs : LHP Christiansen Chemnitz
Batting: RHB Justin Cook 0-0: Swinging Strike
0-1: Ball
1-1: Foul Ball, location: 2F
1-2: Ball
2-2: SINGLE (Groundball, 56D, EV 108.1 MPH)
Batting: SHB Ji-hoon Ku 0-0: Bunted foul
0-1: Bunt missed!
0-2: Ball
1-2: Ball
2-2: Foul Ball, location: 2F
2-2: Ball
3-2: Foul Ball, location: 2F
3-2: SINGLE (Groundball, 6D, EV 104.4 MPH)
Justin Cook to second
Batting: RHB Steve Roberts 0-0: Bunted foul
0-1: Sac Bunt to 15S - play at first, batter OUT! 1-4
Justin Cook to third
Ji-hoon Ku to second
Batting: RHB Felino Edrada 0-0: Foul Ball, location: 2F
0-1: Ball
1-1: Fly out, F9 (Flyball, 9S, EV 70.6 MPH)
Batting: RHB Josh Doss 0-0: Ball
1-0: Ball
2-0: Swinging Strike
2-1: Called Strike
2-2: Foul Ball, location: 2F
2-2: Strikes out looking
Bottom of the 5th over - 0 runs, 2 hits, 0 errors, 2 left on base; Maine 5 - Franklin 2
TOP OF THE 6TH
Maine Sea Dogs batting - Pitching for Franklin Fire : RHP Rafael Arroyo
Batting: RHB Rutger McGroarty 0-0: Ball
1-0: SINGLE (Line Drive, 8LS, EV 113.1 MPH)
Pitching: RHP Fepiku Alewina
Batting: RHB Javier Carrodeguas 0-0: SINGLE (Groundball, 34D, EV 96.9 MPH)
Rutger McGroarty to second
Batting: RHB Reynaldo García 0-0: Foul Ball, location: 2F
0-1: Foul Ball, location: 2F
0-2: Ball
1-2: Ball
2-2: Ball
3-2: Grounds into double play, 5-4-3 (Groundball, 56, EV 100.6 MPH)
Rutger McGroarty to third
Batting: RHB Ernest Bonner 0-0: Called Strike
0-1: Swinging Strike
0-2: Ball
1-2: Foul Ball, location: 2F
1-2: Strikes out swinging
Top of the 6th over - 0 runs, 2 hits, 0 errors, 1 left on base; Maine 5 - Franklin 2
BOTTOM OF THE 6TH
Franklin Fire batting - Pitching for Maine Sea Dogs : LHP Christiansen Chemnitz
Batting: RHB Rusty Brown 0-0: Foul Ball, location: 2F
0-1: Ball
1-1: Ball
2-1: Ball
3-1: Called Strike
3-2: Base on Balls
Batting: RHB Daniel Black 0-0: Sac Bunt to P - play at first, batter OUT! 1-3
Rusty Brown to second
Batting: RHB Wu-ji Shang 0-0: DOUBLE (Line Drive, 7LD, EV 99.4 MPH)
Rusty Brown scores
Batting: LHB John Campbell 0-0: Foul Ball, location: 2F
0-1: Ball
1-1: Foul Ball, location: 2F
1-2: Strikes out swinging
Batting: RHB Justin Cook 0-0: Ball
1-0: SINGLE (Groundball, 4D, EV 106.9 MPH)
Wu-ji Shang to third
Runner from 3rd tries for Home, SAFE, no throw by RF
Batting: SHB Ji-hoon Ku 0-0: Foul Ball, location: 2F
0-1: Fielders Choice at 2nd, 6-4 (Groundball, 6, EV 94.4 MPH)
Bottom of the 6th over - 2 runs, 2 hits, 0 errors, 1 left on base; Maine 5 - Franklin 4
TOP OF THE 7TH
Maine Sea Dogs batting - Pitching for Franklin Fire : RHP Fepiku Alewina
Batting: LHB Bill Fisher 0-0: Ball
1-0: Ball
2-0: Ball
3-0: Base on Balls
Batting: LHB Héctor Ancelno 0-0: Ball
1-0: Foul Ball, location: 2F
1-1: Called Strike
1-2: Fly out, F8 (Line Drive, 8RD, EV 92.5 MPH)
Pitching: RHP Paulus Kleijn
Batting: LHB Puck Broekhuizen 0-0: Ball
1-0: Foul Ball, location: 2F
1-1: Called Strike
1-2: Fly out, F7 (Line Drive, 7, EV 88.8 MPH)
Batting: RHB Jesús Bonilla 0-0: Ball
1-0: SINGLE (Groundball, 34D, EV 99.4 MPH)
Bill Fisher to second
Runner from 2nd tries for 3rd, SAFE, no throw by RF
Batting: SHB José Santos 0-0: Foul Ball, location: 2F
0-1: Swinging Strike
0-2: Ball
1-2: Foul Ball, location: 2F
1-2: Strikes out swinging
Top of the 7th over - 0 runs, 1 hit, 0 errors, 2 left on base; Maine 5 - Franklin 4
BOTTOM OF THE 7TH
Franklin Fire batting - Pitching for Maine Sea Dogs : LHP Christiansen Chemnitz
Batting: RHB Steve Roberts 0-0: Ball
1-0: Called Strike
1-1: Ground out 5-3 (Groundball, 5, EV 82.5 MPH)
Batting: RHB Felino Edrada 0-0: Fly out, F4 (Popup, 34S, EV 80.6 MPH)
Batting: RHB Josh Doss 0-0: Foul Ball, location: 2F
0-1: Ball
1-1: Called Strike
1-2: Fly out, F5 (Line Drive, 5, EV 71.2 MPH)
Bottom of the 7th over - 0 runs, 0 hits, 0 errors, 0 left on base; Maine 5 - Franklin 4
TOP OF THE 8TH
Maine Sea Dogs batting - Pitching for Franklin Fire : RHP Paulus Kleijn
Batting: RHB Rutger McGroarty 0-0: Ball
1-0: Swinging Strike
1-1: Foul Ball, location: 2F
1-2: Fly out, F8 (Flyball, 8LS, EV 89.4 MPH)
Batting: RHB Javier Carrodeguas 0-0: Ball
1-0: Ground out 5-3 (Groundball, 56S, EV 87.5 MPH)
Batting: RHB Reynaldo García 0-0: Ball
1-0: DOUBLE (Flyball, 8RXD, EV 101.9 MPH)
Batting: RHB Ernest Bonner 0-0: Called Strike
0-1: Called Strike
0-2: Ball
1-2: Ball
2-2: Ball
3-2: Ground out U3 (Groundball, 3, EV 83.8 MPH)
Top of the 8th over - 0 runs, 1 hit, 0 errors, 1 left on base; Maine 5 - Franklin 4
BOTTOM OF THE 8TH
Franklin Fire batting - Pitching for Maine Sea Dogs : LHP Christiansen Chemnitz
Now at 1B: César Sánchez
Batting: RHB Rusty Brown 0-0: Swinging Strike
0-1: Swinging Strike
0-2: Fly out, F7 (Flyball, 7D, EV 93.1 MPH)
Pitching: RHP Cory Black
Batting: RHB Daniel Black 0-0: Swinging Strike
0-1: Ball
1-1: Ball
2-1: Swinging Strike
2-2: Strikes out looking
Batting: RHB Wu-ji Shang 0-0: Foul Ball, location: 2F
0-1: Ground out 5-3 (Groundball, 5, EV 80.6 MPH)
Bottom of the 8th over - 0 runs, 0 hits, 0 errors, 0 left on base; Maine 5 - Franklin 4
TOP OF THE 9TH
Maine Sea Dogs batting - Pitching for Franklin Fire : RHP Paulus Kleijn
Batting: LHB Bill Fisher 0-0: Ball
1-0: Ball
2-0: Called Strike
2-1: SINGLE (Groundball, 6D, EV 102.5 MPH)
Pitching: RHP Gonzalo Barajas
Batting: LHB Héctor Ancelno 0-0: Ball
1-0: Swinging Strike
1-1: Fly out, F9 (Flyball, 9LS, EV 98.1 MPH)
Batting: LHB Puck Broekhuizen 0-0: Swinging Strike
0-1: Ball
1-1: Called Strike
1-2: Foul Ball, location: 2F
1-2: Foul Ball, location: 2F
1-2: SINGLE (Groundball, 34, EV 98.1 MPH)
Bill Fisher to second
Throwing error, E9
Bill Fisher scores
Puck Broekhuizen to second
Batting: RHB Jesús Bonilla 0-0: Intentional Walk
Batting: SHB José Santos 0-0: Foul Ball, location: 2F
0-1: Called Strike
0-2: Fly out, F7 (Flyball, 7, EV 75.6 MPH)
Batting: RHB Rutger McGroarty 0-0: Called Strike
0-1: Called Strike
0-2: Foul Ball, location: 2F
0-2: Strikes out looking
Top of the 9th over - 1 run, 2 hits, 1 error, 2 left on base; Maine 6 - Franklin 4
BOTTOM OF THE 9TH
Franklin Fire batting - Pitching for Maine Sea Dogs : RHP Cory Black
Pitching: RHP Arthur Anderson
Now in CF: Michael Weber
Batting: LHB John Campbell 0-0: Swinging Strike
0-1: Fly out, F8 (Flyball, 8RD, EV 86.9 MPH)
Batting: RHB Justin Cook 0-0: Ball
1-0: Ball
2-0: Swinging Strike
2-1: Foul Ball, location: 2F
2-2: Foul Ball, location: 2F
2-2: Ball
3-2: Foul Ball, location: 2F
3-2: Fly out, F9 (Flyball, 89S, EV 81.9 MPH)
Batting: SHB Ji-hoon Ku 0-0: SINGLE (Line Drive, 9S, EV 91.2 MPH)
Pinch Hitting: RHB Kenny Benson 0-0: Foul Ball, location: 2F
0-1: Ball
1-1: Ball
2-1: Ball
3-1: Swinging Strike
3-2: Base on Balls
Ji-hoon Ku to second
Batting: RHB Felino Edrada 0-0: Ball
1-0: Swinging Strike
1-1: SINGLE (Groundball, 6, EV 80.6 MPH) (infield hit)
Ji-hoon Ku to third
Kenny Benson to second
Batting: RHB Josh Doss 0-0: Ball
1-0: Fly out, F9 (Flyball, 9D, EV 98.8 MPH)
Bottom of the 9th over - 0 runs, 2 hits, 0 errors, 3 left on base; Maine 6 - Franklin 4
Friday, March 26th, 2021 - OOTP Baseball 20.8 Build 74